 Dungeon Crawl Stone Soup version 0.21.1-1-g345015f (webtiles) character file.

24 shakethe the Chopper (level 2, -2/23 HPs)
             Began as a Demonspawn Gladiator on Feb 27, 2018.
             Slain by a goblin (3 damage)
             ... on level 2 of the Dungeon.
             The game lasted 00:00:41 (751 turns).

shakethe the Chopper (Demonspawn Gladiator)          Turns: 751, Time: 00:00:41

Health: -2/23      AC:  3    Str: 14    XL:     2   Next: 79%
Magic:  2/2        EV: 13    Int:  9    God:
Gold:   33         SH:  0    Dex: 14    Spells: 1/1 levels left

rFire    . . .     SeeInvis .   a - +0 war axe
rCold    . . .     Gourm    .   (no shield)
rNeg     . . .     Faith    .   b - +0 leather armour
rPois    .         Spirit   .   (helmet restricted)
rElec    .         Reflect  .   (no cloak)
rCorr    .         Harm     .   (no gloves)
MR       .....                  (no boots)
Stlth    +.........             (no amulet)
HPRegen  0.07/turn              (no ring)
MPRegen  0.08/turn              (no ring)

@: no status effects
A: horns 1
a: no special abilities


You were on level 2 of the Dungeon.
You were not hungry.

You visited 1 branch of the dungeon, and saw 2 of its levels.

You collected 33 gold pieces.

Inventory:

Hand Weapons
 a - a +0 war axe (weapon)
Missiles
 d - 3 throwing nets {=f, !d}
Armour
 b - a +0 leather armour (worn)
 c - a +0 helmet
Scrolls
 e - a scroll of fear {unknown}
 i - a scroll of remove curse {unknown}
 k - a scroll of identify {unknown}
 l - a scroll of teleportation {unknown}
Potions
 g - a potion of degeneration {unknown}
 h - a potion of resistance {unknown}
 j - a potion of heal wounds {unknown}
Comestibles
 f - 4 rations


   Skills:
 + Level 2.3 Fighting
 * Level 3.2 Axes
 - Level 1.7 Throwing
 + Level 2.9 Dodging


You had one spell level left.
You didn't know any spells.

Dungeon Overview and Level Annotations

Branches:
Dungeon (2/15)

Altars:


Innate Abilities, Weirdness & Mutations

You have a pair of small horns on your head.


Message History

You kill the hobgoblin!
The hobgoblin hits you but does no damage.
You closely miss the hobgoblin. The hobgoblin closely misses you.
A kobold comes into view. It is wielding a dagger.
The kobold shouts!
You hit the hobgoblin but do no damage. The hobgoblin misses you.
The hobgoblin closely misses you.
You hit the hobgoblin but do no damage. The hobgoblin hits you.
You hit the hobgoblin.
The hobgoblin hits you but does no damage.
You slash the hobgoblin!
You kill the hobgoblin!
The kobold throws a stone.
The stone barely misses you. The kobold hits you but does no damage.
You slash the kobold!
You kill the kobold!
No target in view!
No target in view!
No target in view!
You take 2 damage, and have 20/22 hp.
No target in view!
No target in view!
No target in view!
No target in view!
No target in view!
No target in view!
No target in view!
No target in view!
No target in view!
No target in view!
No target in view!
No target in view!
No target in view!
No target in view!
No target in view!
No target in view!
No target in view!
No target in view!
No target in view!
No target in view!
No target in view!
No target in view!
No target in view!
Things that are here:
a dagger; 4 stones; a kobold corpse No target in view!
Found a stone staircase leading down.
l - a scroll labeled HUURGH BEGEU No target in view!
Things that are here:
a club; a hobgoblin corpse No target in view!
There is a stone staircase leading up here.
An adder comes into view.
An adder is nearby!
An adder is nearby!
You barely miss the adder. The adder barely misses you.
You miss the adder. The adder bites you.
You are poisoned.
The adder poisons you! The adder barely misses you.
You take 1 damage, and have 20/22 hp.
You hit the adder.
You feel sick. The adder bites you.
You are more poisoned.
The adder poisons you! The adder barely misses you.
You take 6 damage, and have 14/22 hp.
MASSIVE DAMAGE!!
You barely miss the adder. Your headbutt misses the adder.
You feel sick. The adder barely misses you. The adder closely misses you.
You take 1 damage, and have 13/22 hp.
Unknown command.
You are too injured to fight recklessly!
Unknown command.
You are too injured to fight recklessly!
Unknown command.
You are too injured to fight recklessly!
Unknown command.
You are too injured to fight recklessly!
Unknown command.
You are too injured to fight recklessly!
You slash the adder!
You kill the adder!
You feel sick.
You feel sick.
You take 1 damage, and have 12/23 hp.
You start resting.
You feel sick. x9
You are no longer poisoned.
You take 7 damage, and have 5/23 hp.
MASSIVE DAMAGE!!
A goblin comes into view.
The goblin shouts!
A goblin is nearby!
You barely miss the goblin. The goblin hits you but does no damage.
You barely miss the goblin. The goblin hits you.
* * * LOW HITPOINT WARNING * * *
You hit the goblin. The goblin hits you.
* * * LOW HITPOINT WARNING * * *
The goblin closely misses you.
You barely miss the goblin.
You headbutt the goblin, but do no damage.
The goblin hits you.
You die...

###########
......g@..#
..#######.#
#.# #.#
#######.##
#...##...####
#.#...........
#.(.##...#####
# ##<####.##


You could see a goblin.

Vanquished Creatures
  An adder (D:2)
  A giant cockroach (D:1)
  4 hobgoblins
  A ball python (D:1)
  2 bats (D:1)
  A frilled lizard (D:1)
  4 kobolds
  3 rats (D:1)
17 creatures vanquished.

Notes
Turn   | Place    | Note
-------+----------+-------------------------------------------
     0 | D:1      | shakethe the Demonspawn Gladiator began the quest for the Orb.
     0 | D:1      | Reached XP level 1. HP: 16/16 MP: 1/1
   252 | D:1      | Reached skill level 3 in Axes
   362 | D:1      | Gained mutation: You have a pair of small horns on your head. [demonic ancestry]
   362 | D:1      | Reached XP level 2. HP: 21/22 MP: 2/2
   738 | D:2      | HP: 5/23 [poisoned by an adder]
   749 | D:2      | HP: 3/23 [goblin (2)]
   750 | D:2      | HP: 1/23 [goblin (2)]
   751 | D:2      | Slain by a goblin

Skill      XL: |  1 |
---------------+----+-----
Axes           | 3 |  3.2
Fighting       | |  2.3
Throwing       | |  1.7
Dodging        | |  2.9

Action                   || total
-------------------------++-------
Melee: War axe           ||    48
       Headbutt          ||     2
Armor: Leather armour    ||    13
Dodge: Dodged            ||    37

Vault maps used:
D:1:      elethiomel_arrival_maze
D:2:      minmay_misc_feat_more_columns

Table legend:
 A = Turns spent in this place as a percentage of turns spent in the entire game.
 B = Non-inter-level travel turns spent in this place as a percentage of non-inter-level travel turns spent in the entire game.
 C = Inter-level travel turns spent in this place as a percentage of turns spent in this place.
 D = Turns resting spent in this place as a percentage of non-inter-level travel turns spent in this place.
 E = Turns spent auto-exploring this place as a percentage of non-inter-level travel turns spent in this place.
 F = Non-inter-level travel turns spent in this place divided by the number of levels of this place that you've seen.
                   A       B       C       D       E      F
               +-------+-------+-------+-------+-------+----------------------
         Total | 100.0 | 100.0 |   2.8 |   3.4 |  81.2 | 365.0
       Dungeon | 100.0 | 100.0 |   2.8 |   3.4 |  81.2 | 365.0
               +-------+-------+-------+-------+-------+----------------------

Table legend:
 A = Kills in this place as a percentage of kills in entire the game.
 B = Kills by you in this place as a percentage of kills by you in the entire game.
 C = Kills by friends in this place as a percentage of kills by friends in the entire game.
 D = Other kills in this place as a percentage of other kills in the entire game.
 E = Experience gained in this place as a percentage of experience gained in the entire game.
 F = Experience gained in this place divided by the number of levels of this place that you have seen.
                   A       B       C       D       E      F
               +-------+-------+-------+-------+-------+----------------------
         Total | 100.0 | 100.0 |   N/A |   N/A | 100.0 |  17.5
       Dungeon | 100.0 | 100.0 |   N/A |   N/A | 100.0 |  17.5
               +-------+-------+-------+-------+-------+----------------------
